 Dungeon Crawl Stone Soup version 0.21.1-1-g345015f (webtiles) character file.

74 shakethe the Chopper (level 4, -4/38 HPs)
             Began as a Hill Orc Gladiator on Feb 26, 2018.
             Slain by an orc
             ... wielding a +0 trident
              (6 damage)
             ... on level 3 of the Dungeon.
             The game lasted 00:02:10 (2033 turns).

shakethe the Chopper (Hill Orc Gladiator)           Turns: 2033, Time: 00:02:11

Health: -4/38      AC: 10    Str: 16    XL:     4   Next: 30%
Magic:  4/4        EV:  7    Int:  9    God:
Gold:   108        SH:  0    Dex: 12    Spells: 3/3 levels left

rFire    . . .     SeeInvis .   a - +0 war axe
rCold    . . .     Gourm    .   (no shield)
rNeg     . . .     Faith    .   o - +0 chain mail
rPois    .         Spirit   .   c - +0 helmet
rElec    .         Reflect  .   (no cloak)
rCorr    .         Harm     .   h - +0 pair of gloves
MR       .....                  (no boots)
Stlth    ..........             (no amulet)
HPRegen  0.12/turn              l - ring of fire {rF+, rC-}
MPRegen  0.09/turn              k - ring of ice {rC+, rF-}

@: no status effects
A: no striking features
a: no special abilities


You were on level 3 of the Dungeon.
You were near starving.

You visited 1 branch of the dungeon, and saw 3 of its levels.

You collected 108 gold pieces.

Inventory:

Hand Weapons
 a - a +0 war axe (weapon)
Missiles
 d - 3 throwing nets {=f, !d}
Armour
 b - a +0 leather armour
 c - a +0 helmet (worn)
 h - a +0 pair of gloves (worn)
   (You found it on level 1 of the Dungeon)
 o - a +0 chain mail (worn)
   (You found it on level 1 of the Dungeon)
Jewellery
 k - a ring of ice (right hand) {rC+, rF-}
   (You found it on level 1 of the Dungeon)
 l - a ring of fire (left hand) {rF+, rC-}
   (You found it on level 1 of the Dungeon)
Scrolls
 j - 5 scrolls of teleportation {unknown}
 m - a scroll of amnesia
 n - a scroll of immolation {!r}
 q - a scroll of remove curse {unknown}
 s - a scroll of fog {unknown}
Potions
 e - a potion of brilliance
 g - a potion of might
 i - a potion of degeneration {unknown}
 p - a potion of curing {unknown}
 r - a potion of heal wounds {unknown}
Comestibles
 f - 2 rations


   Skills:
 + Level 3.4 Fighting
 * Level 5.6 Axes
 - Level 1.7 Throwing
 + Level 1.3 Armour
 - Level 2.4 Dodging


You had 3 spell levels left.
You didn't know any spells.

Dungeon Overview and Level Annotations

Branches:
Dungeon (3/15)

Altars:
Sif Muna


Message History

You see here a tomahawk.
The orc shouts!
The orc throws a tomahawk.
The tomahawk hits you.
You see here a tomahawk.
You take 2 damage, and have 36/38 hp.
You see here a tomahawk.
A hobgoblin comes into view.
An orc comes into view. It is wielding a trident.
A rat comes into view.
A worm comes into view.
The orc shouts!
The orc hits you but does no damage.
You closely miss the orc. You hit the orc. x2
You kill the orc!
The orc throws a tomahawk.
The tomahawk barely misses you. The orc hits you but does no damage.
You slash the orc!
You kill the orc!
You hit the rat. The rat barely misses you.
You hit the rat but do no damage. You barely miss the worm.
You slash the hobgoblin!
You kill the hobgoblin!
You are near starving!
The rat bites you but does no damage.
The orc hits you from afar with a trident.
The worm barely misses you.
You take 4 damage, and have 33/38 hp.
You closely miss the rat. You barely miss the worm. You hit the orc.
The rat closely misses you. The orc hits you but does no damage.
The orc hits you with a flail. The rat barely misses you.
You take 3 damage, and have 30/38 hp.
You closely miss the orc. You hit the rat.
You kill the rat!
You barely miss the worm.
The orc hits you from afar with a trident.
The orc hits you with a flail. The worm bites you but does no damage.
The orc completely misses you.
You take 5 damage, and have 25/38 hp.
Your chain mail prevents you from hitting the orc.
You hit the worm. The orc hits you with a flail. The worm bites you.
The orc hits you but does no damage.
You take 5 damage, and have 20/38 hp.
You are too injured to fight recklessly!
You are too injured to fight recklessly!
You are too injured to fight recklessly!
You are too injured to fight recklessly!
You are too injured to fight recklessly!
You are too injured to fight recklessly!
You are too injured to fight recklessly!
You are too injured to fight recklessly!
You are too injured to fight recklessly!
You are too injured to fight recklessly!
You are too injured to fight recklessly!
You are too injured to fight recklessly!
Unknown command.
You slash the worm! You hit the orc.
You kill the orc!
The orc hits you but does no damage. The worm closely misses you.
Your chain mail prevents you from hitting the worm.
The orc hits you but does no damage.
You hit the worm but do no damage. The worm barely misses you.
The orc closely misses you.
You hit the worm.
The orc hits you from afar with a trident.
The worm closely misses you.
You take 2 damage, and have 18/38 hp.
You barely miss the worm. The orc closely misses you.
You slash the worm!
You kill the worm!
The orc barely misses you. The orc hits you with a trident.
Items here: ( )) † a flail; a tomahawk; a falchion; an orc corpse You take 6 damage, and have 12/38 hp.
The orc hits you with a trident.
* * * LOW HITPOINT WARNING * * *
You take 1 damage, and have 11/38 hp.
You hit the orc but do no damage. The orc hits you with a trident.
* * * LOW HITPOINT WARNING * * *
You take 2 damage, and have 9/38 hp.
You barely miss the orc. The orc hits you with a trident.
* * * LOW HITPOINT WARNING * * *
You take 4 damage, and have 5/38 hp.
You barely miss the orc. The orc hits you with a trident.
* * * LOW HITPOINT WARNING * * *
You closely miss the orc. The orc hits you but does no damage. x2
You hit the orc. The orc completely misses you.
Your chain mail prevents you from hitting the orc.
The orc hits you but does no damage.
You closely miss the orc. The orc hits you with a trident.
* * * LOW HITPOINT WARNING * * *
An adder comes into view.
You take 3 damage, and have 2/38 hp.
You closely miss the orc.
The adder hisses angrily.
The orc hits you but does no damage.
Your chain mail prevents you from hitting the orc.
The orc hits you with a trident.
You die...

........#...#..
..................
...<.........#...##
..........#....g..#
......S...(....o..#
........††#.......#
........).#........
........)##.......#
.......@o..(..>...#
###.#####.(#......#
#. ###.#...#####
..#..###...#...#
................#
.......<........#
..................
..#.....#..........
[....####..........


You could see an adder and an orc.

Vanquished Creatures
  2 adders (D:2)
  4 worms
  2 leopard geckos (D:2)
  3 orcs (D:3)
  5 bats
  2 giant cockroaches
  2 goblins (D:1)
  4 hobgoblins
  3 jackals (D:2)
  3 kobolds
  2 ball pythons
  5 frilled lizards
  3 rats
40 creatures vanquished.

Notes
Turn   | Place    | Note
-------+----------+-------------------------------------------
     0 | D:1      | shakethe the Hill Orc Gladiator began the quest for the Orb.
     0 | D:1      | Reached XP level 1. HP: 18/18 MP: 1/1
   151 | D:1      | Reached XP level 2. HP: 19/25 MP: 2/2
   769 | D:2      | Reached skill level 3 in Fighting
   769 | D:2      | Reached skill level 5 in Axes
   769 | D:2      | Reached XP level 3. HP: 31/31 MP: 3/3
  1394 | D:2      | Found a deep blue altar of Sif Muna.
  1475 | D:2      | Reached skill level 1 in Armour
  1494 | D:2      | Reached XP level 4. HP: 13/38 MP: 4/4
  2025 | D:3      | HP: 9/38 [orc/trident (2)]
  2031 | D:3      | HP: 2/38 [orc/trident (3)]
  2033 | D:3      | Slain by an orc

Skill      XL: |  1  2  3 |
---------------+----------+-----
Fighting       | 3 |  3.4
Axes           | 5 |  5.6
Armour         | 1 |  1.3
Throwing       | |  1.7
Dodging        | |  2.4

Action                   |  1- 3 |  4- 6 || total
-------------------------+-------+-------++-------
Melee: War axe           |   105 |    28 ||   133
  Use: Scroll            |     4 |       ||     4
  Eat: Chunk             |     2 |       ||     2
Armor: Leather armour    |    20 |       ||    20
       Chain mail        |    56 |    13 ||    69
Dodge: Dodged            |    61 |    16 ||    77

Vault maps used:
D:1:      minmay_arrival_stone_box
D:2:      lemuel_doored_altar, grunt_decor_mini_mirrors, minmay_misc_feat_iff,
          minmay_misc_feat_chi, lightli_corner_chamber
D:3:      vehumet_crystals, minmay_misc_feat_pillars, uniq_terence

Table legend:
 A = Turns spent in this place as a percentage of turns spent in the entire game.
 B = Non-inter-level travel turns spent in this place as a percentage of non-inter-level travel turns spent in the entire game.
 C = Inter-level travel turns spent in this place as a percentage of turns spent in this place.
 D = Turns resting spent in this place as a percentage of non-inter-level travel turns spent in this place.
 E = Turns spent auto-exploring this place as a percentage of non-inter-level travel turns spent in this place.
 F = Non-inter-level travel turns spent in this place divided by the number of levels of this place that you've seen.
                   A       B       C       D       E      F
               +-------+-------+-------+-------+-------+----------------------
         Total | 100.0 | 100.0 |   2.0 |  15.7 |  68.7 | 664.3
       Dungeon | 100.0 | 100.0 |   2.0 |  15.7 |  68.7 | 664.3
               +-------+-------+-------+-------+-------+----------------------

Table legend:
 A = Kills in this place as a percentage of kills in entire the game.
 B = Kills by you in this place as a percentage of kills by you in the entire game.
 C = Kills by friends in this place as a percentage of kills by friends in the entire game.
 D = Other kills in this place as a percentage of other kills in the entire game.
 E = Experience gained in this place as a percentage of experience gained in the entire game.
 F = Experience gained in this place divided by the number of levels of this place that you have seen.
                   A       B       C       D       E      F
               +-------+-------+-------+-------+-------+----------------------
         Total | 100.0 | 100.0 |   N/A |   N/A | 100.0 |  35.7
       Dungeon | 100.0 | 100.0 |   N/A |   N/A | 100.0 |  35.7
               +-------+-------+-------+-------+-------+----------------------
